 Dungeon Crawl Stone Soup version 0.14.0-17-gc0b17a5 (webtiles) character file.

174271 Medar the Bringer of Life (level 18, -5/122 HPs)
             Began as a Halfling Healer on Apr 18, 2014.
             Was the Champion of Elyvilon.
             Slain by a stone giant (55 damage)
             ... on Level 2 of the Vaults on Apr 19, 2014.
             The game lasted 04:51:21 (53305 turns).

Medar the Bringer of Life (Halfling Healer)        Turns: 53305, Time: 04:51:21

HP  -5/122       AC 25     Str 14      XL: 18   Next: 40%
MP  31/38        EV 25     Int 16      God: Elyvilon [******]
Gold 398         SH 16     Dex 22      Spells:  8 memorised,  5 levels left

rFire  . . .     SeeInvis .     a - +2,+1 short sword (elec)
rCold  + . .     Clarity  .     z - +4 ring mail of the Hurricane {rC+ rN+ MR+ Int+2}
rNeg   + . .     Conserve +     M - +0 buckler
rPois  .         rCorr    +     C - +0 helmet
rElec  .         rRot     .     j - +2 cloak {rCorr, Cons}
SustAb . .       Spirit   .     t - +2 pair of gloves of Leaves {+Fly}
rMut   .         Warding  .     p - +1 pair of boots
Gourm  +         Stasis   .     i - amulet of the gourmand
MR     ++...                    N - ring "Umekhlan" {AC+5 Str+5}
                                l - +3,+5 ring of slaying

@: very resistant to hostile enchantments, unstealthy
A: mutation resistance 1, slow metabolism 1
a: Lesser Healing, Lesser Self-Healing, Divine Protection, Purification, Greater
Healing, Greater Self-Healing, Divine Vigour, Renounce Religion, Evoke Flight
}: 1/15 runes: barnacled


You were on level 2 of the Vaults.
You worshipped Elyvilon.
Elyvilon was exalted by your worship.
You were full.

You visited 6 branches of the dungeon, and saw 37 of its levels.
You visited 1 bazaar.
You also visited: Labyrinth.

You collected 3345 gold pieces.
You spent 2947 gold pieces at shops.

Inventory:

Hand weapons
 a - a +2,+1 short sword of electrocution (weapon)
 h - a +0 blowgun
 o - the +6,+7 whip of Jopyed {freeze, rF++}
   (You bought it in a shop on level 8 of the Dungeon)

   It has been specially enchanted to freeze those struck by it, causing extra
   injury to most foes and up to double damage against particularly susceptible
   opponents.
   It can also slow down cold-blooded creatures.
   It greatly protects you from fire.
 H - a +3,+4 cutlass of freezing
Missiles
 e - 105 poisoned needles
 g - 4 throwing nets {=f =F}
Armour
 j - a +2 cloak of preservation (worn)
 p - a +1 pair of boots (worn)
 t - the +2 pair of gloves of Leaves (worn) {+Fly}
   (You bought it in a shop on level 2 of the Orcish Mines)

   It lets you fly.
 z - the +4 ring mail of the Hurricane (worn) {rC+ rN+ MR+ Int+2}
   (You found it on level 14 of the Dungeon)

   It affects your intelligence (+2).
   It protects you from cold.
   It protects you from negative energy.
   It affects your resistance to hostile enchantments.
 C - a +0 helmet (worn)
 M - a +0 buckler (worn)
Magical devices
 n - a wand of teleportation (7)
 K - a wand of disintegration (7)
 Q - a wand of invisibility (4)
 W - a wand of fire (0)
 Y - a wand of cold (6)
Comestibles
 b - a meat ration
 d - 6 bread rations
Scrolls
 f - 3 scrolls of identify
 k - 2 scrolls of magic mapping
 u - 3 scrolls of fog
 v - 2 scrolls of fear
 J - 4 scrolls of blinking
 U - a scroll of silence {!r}
 X - a scroll of remove curse
Jewellery
 i - an amulet of the gourmand (around neck)
 l - a +3,+5 ring of slaying (left hand)
 m - an uncursed ring of protection from cold
 r - an uncursed ring of teleportation
 y - a +5 ring of protection
 F - an uncursed ring of see invisible
 I - a +3 ring of dexterity
 L - an uncursed amulet of resist mutation
 N - the ring "Umekhlan" (right hand) {AC+5 Str+5}
   (You found it on level 7 of the Dungeon)

   [ring of protection]

   It affects your AC (+5).
   It affects your strength (+5).
 P - an uncursed ring of flight
 Z - an uncursed ring of wizardry
Potions
 c - 5 potions of heal wounds
 q - 4 potions of brilliance
 w - 5 potions of curing
 x - 4 potions of might
 A - 2 potions of magic
 B - 2 potions of berserk rage {!q}
 D - 3 potions of restore abilities
 G - 2 potions of resistance
 O - a potion of haste
 R - 2 potions of invisibility
 T - 4 potions of agility
Books
 V - a book of Ice

   Spells                             Type                      Level
   Freezing Aura                      Charms/Ice                   2
   Metabolic Englaciation             Hexes/Ice                    5
   Ozocubu's Refrigeration            Ice                          6
   Bolt of Cold                       Conjuration/Ice              6
   Freezing Cloud                     Conjuration/Ice/Air          6
   Simulacrum                         Ice/Necromancy               6
Miscellaneous
 s - a sack of spiders
 E - a phial of floods
 S - a stone of tremors


   Skills:
 + Level 10.7 Fighting
 - Level 12.0 Short Blades
 - Level 7.1 Armour
 + Level 13.9 Dodging
 - Level 7.0 Shields
 - Level 1.0 Spellcasting
 - Level 4.2 Hexes
 - Level 4.0 Charms
 - Level 3.7 Translocations
 - Level 2.6 Air Magic
 - Level 22.0 Invocations


You had 5 spell levels left.
You knew the following spells:

 Your Spells              Type           Power        Failure   Level  Hunger
d - Sure Blade            Hex/Chrm       ##........   10%         2    ###....
f - Summon Butterflies    Summ           #.......     30%         1    ##.....
p - Apportation           Tloc           ##........   10%         1    ##.....
r - Stoneskin             Trmt/Erth      #.........   43%         2    ###....
s - Infusion              Chrm           ##....       6%          1    ##.....
t - Shroud of Golubria    Chrm/Tloc      ##........   10%         2    ###....
w - Blink                 Tloc           N/A          12%         2    ###....
y - Flight                Chrm/Air       ##........   21%         3    ####...


Dungeon Overview and Level Annotations

Branches:
Dungeon (15/15)            Temple (0/1) D:7             Orc (4/4) D:9
    Elf (3/3) Orc:3          Lair (8/8) D:11         Shoals (5/5) Lair:6
 Spider (0/5) Lair:4        Slime (0/6) Lair:8       Vaults (2/5) D:13
  Crypt (0/5) Vaults:2     Depths (0/5) D:15

Altars:
Ashenzari
Elyvilon
Fedhas
Kikubaaqudgha
Makhleb
Nemelex Xobeh
Okawaru
Trog
Yredelemnul

Shops:
D:4 }   D:8 (   D:12 }   Orc:2 [   Orc:3 (   Orc:4 :%:!   Elf:2 [   Shoals:4 =
Vaults:1 [

Portals:
Trove: D:14 (give +4,+5 demon whip)

Annotations:
D:14 vault
Elf:3 Nikola
Lair:7 exclusion: oklob plant
Shoals:3 Mara


Innate Abilities, Weirdness & Mutations

You are small and have problems with some larger weapons.
You are somewhat resistant to further mutation.
You have a slow metabolism.


Message History

Something hits the fire giant!
The ironbrand convoker begins to recite a word of recall!
The fire giant gestures at the red wasp while chanting.
You hear an explosion!
The fireball engulfs the red wasp.
The fireball engulfs the fire giant.
The fire giant resists.
Use which ability? (? or * to list)
Press: ? - help, Dir - move target cursor, f - ironbrand convoker, p - fire giant Heal: an ironbrand convoker, wielding a dire flail and wearing a scale mail (chanting recall) Elyvilon supports your offer of peace.
The ironbrand convoker turns neutral.
The bond with your blade fades away.
The red wasp stings the fire giant!
The fire giant dies!
The red wasp looks stronger.
Use which ability? (? or * to list)
Press: ? - help, Dir - move target cursor, f - stone giant, p - ironbrand convoker Heal: a stone giant (heavily wounded, unusually strong)
The light of Elyvilon fails to reach the stone giant.
You feel quite a bit less full. The stone giant hits you!
You die...

. ## #......#..(... #.
##.C #......#...... ..
#..# #......#....(.
.##.##.$ #..h...#(.<...
......... #....).o)(..(.
#@#.#.#@#####......#))....
#.......#...'......#######
...#.8.#.C.⌠.'......#
#......(#@..'......#
#.#.#.#C#####......#
..T.......)# #......#
$.##.##....###'###########
#.. #..#:##...[....%....
#. ##}!$##..(.......... .
#####.............
#...........(.
#.............


You could see a stone giant, a neutral ironbrand convoker (wandering) and a
neutral warg (wandering).

Vanquished Creatures
  A merfolk impaler (Shoals:5)
  A merfolk javelineer (Shoals:5)
  A yaktaur captain (Vaults:1)
  3 ironheart preservers (Vaults:1)
  A siren (Shoals:5)
  2 vault guards (Vaults:1)
  A ravenous feature mimic (Bazaar)
  A tengu warrior (D:14)
  2 orc high priests (Orc:4)
  2 centaur warriors (D:15)
  A fire crab (Vaults:2)
  The ghost of Kejsarherre the Frost Mage, an experienced OpIE of Kikubaaqudgha (D:10)
  4 skeletal warriors
  5 deep elf summoners
  An unseen horror (Vaults:1)
  2 sea snakes
  A deep troll (shapeshifter) (D:13)
  An unseen horror (shapeshifter) (Elf:2)
  3 orc knights
  A wolf spider zombie (D:15)
  6 hill giants
  5 deep elf conjurers
  2 wolf spiders (Vaults:1)
  11 harpies
  6 manticores
  5 griffons
  2 elephants (Lair:8)
  2 cyclopes
  3 mermaids
  A gargoyle (D:15)
  A feature mimic (D:10)
  A molten gargoyle (D:14)
  6 yaktaurs
  2 freezing wraiths
  5 trolls
  2 komodo dragons
  4 giant fireflies (Lair:2)
  A boggart (Vaults:1)
  A two-headed ogre (Vaults:1)
  A deep elf priest (Elf:2)
  4 wandering mushrooms (D:11)
  11 deep elf magi
  11 merfolk
  9 snapping turtles
  A hydra skeleton (D:10)
  A grizzly bear (Lair:8)
  A snapping turtle (shapeshifter) (Vaults:1)
  3 boulder beetles
  3 basilisks
  9 slime creatures
  2 wraiths (D:14)
  A baby alligator (shapeshifter) (Vaults:1)
  2 trapdoor spiders
  16 water elementals
  10 humans (D:13)
  A redback (Vaults:1)
  A wyvern (D:12)
  A shadow (D:13)
  A fire elemental (D:14)
  A hog (shapeshifter) (Vaults:1)
  2 elephant slugs (Lair:7)
  6 hippogriffs
  12 ugly things
  5 yaks
  12 sharks
  A steam dragon (D:9)
  20 vampire mosquitoes
  7 hungry ghosts
  4 wargs
  9 deep elf fighters
  2 wolves
  A mottled dragon (D:15)
  16 orc warriors
  6 porcupines
  2 water moccasins
  3 giant goldfish
  5 centaurs
  8 ogres
  A manticore zombie (D:14)
  2 yellow wasps
  A black bear (Lair:8)
  5 lava worms (D:14)
  11 giant slugs
  10 giant frogs
  8 crocodiles
  Blork the orc (D:8)
  A brain worm (D:10)
  A cyclops zombie (D:15)
  A scorpion (D:4)
  5 wights
  5 killer bees (D:8)
  2 oklob saplings (D:11)
  2 eyes of draining
  3 goliath beetles
  5 crimson imps
  6 jellies
  A lava snake (D:14)
  3 quasits
  A centaur zombie (D:10)
  3 giant frog skeletons
  4 hounds
  A centaur skeleton (D:12)
  An orc priest (Orc:4)
  An iguana (Lair:5)
  4 orc wizards
  6 worker ants
  3 big fish (Lair:5)
  A sky beast zombie (D:9)
  A big kobold zombie (D:9)
  Ijyb (D:5)
  19 sheep
  A mottled dragon skeleton (D:15)
  A hound skeleton (D:10)
  A worker ant zombie (D:8)
  A green rat (Lair:1)
  2 gnolls
  8 adders
  A shadow imp (D:12)
  A giant mite (Lair:2)
  An inept item mimic (D:5)
  An inept feature mimic (D:7)
  6 worms
  An iguana skeleton (D:9)
  The ghost of nooodl the Charlatan, a weakling FoAr (Orc:4)
  3 giant eyeballs
  2 giant geckos
  4 oozes
  95 orcs
  2 ball pythons (D:1)
  11 giant cockroaches
  6 hobgoblins
  3 jackals
  2 quokkas
  6 bats
  A giant newt (Lair:2)
  2 giant spores
  A gnoll skeleton (D:5)
  15 goblins
  A goblin skeleton (D:5)
  8 kobolds
  2 orc skeletons
  3 orc zombies
  11 rats
  A ballistomycete (D:7)
  A plant (D:11)
638 creatures vanquished.

Vanquished Creatures (collateral kills)
  A boulder beetle (Lair:7)
1 creature vanquished.

Vanquished Creatures (others)
  A fire giant (Vaults:2)
  A deep elf death mage (Elf:1)
  2 merfolk javelineers (Shoals:5)
  A vault guard (Vaults:1)
  2 ironheart preservers
  A merfolk impaler (Shoals:5)
  A hell knight (D:15)
  3 ogre magi
  2 merfolk aquamancers (Shoals:3)
  A death yak (Lair:8)
  A tengu warrior (D:15)
  A deep troll earth mage (Vaults:1)
  A centaur warrior (D:15)
  A ball lightning (Lair:7)
  2 deep trolls (Vaults:1)
  A deep elf knight (Elf:2)
  A black mamba (Lair:8)
  2 hill giants (Vaults:1)
  A deep elf conjurer (Elf:1)
  2 deep elf summoners
  A water nymph (Shoals:3)
  2 harpies (Shoals:1)
  4 fauns (Shoals:2)
  A manticore (Shoals:1)
  2 cyclopes (D:12)
  2 elephants (Lair:8)
  7 drowned souls
  A vault sentinel (Vaults:2)
  An efreet (D:15)
  A tengu conjurer (D:15)
  8 yaktaurs
  6 merfolk
  A giant firefly (Lair:2)
  A deep elf priest (Vaults:1)
  2 two-headed ogres (Vaults:1)
  A snapping turtle (Shoals:2)
  5 ravens
  A griffon zombie (D:15)
  3 water elementals (Shoals:5)
  5 ugly things
  6 deep elf magi
  2 sharks
  A vampire mosquito (Vaults:1)
  9 yaks
  2 humans (D:13)
  5 deep elf fighters
  5 wolves (Lair:8)
  A ynoxinul (Orc:4)
  A sky beast (D:15)
  A water moccasin (Lair:8)
  5 orc warriors
  A black bear (Lair:8)
  2 giant goldfish
  2 ogres
  2 centaurs
  4 giant frogs
  A big kobold (D:11)
  An electric eel (Lair:5)
  7 wights
  A jelly (Lair:7)
  12 orc priests
  A hound (D:8)
  3 big fish
  2 orc wizards (Orc:4)
  3 sheep
  An adder (D:7)
  A shadow imp (D:14)
  2 green rats
  A worm (D:10)
  An ufetubus (Orc:4)
  41 orcs
  2 bats
  A hobgoblin (D:7)
  3 jackals (D:3)
  A giant gecko (D:4)
  4 goblins
  5 kobolds
  2 rats
  A butterfly (Lair:2)
  7 fungi
  9 plants
  4 tentacles (Shoals:1)
249 creatures vanquished.

Grand Total: 888 creatures vanquished

Notes
Turn   | Place    | Note
--------------------------------------------------------------
     0 | D:1      | Medar, the Halfling Healer, began the quest for the Orb.
     0 | D:1      | Reached XP level 1. HP: 12/12 MP: 2/2
   326 | D:1      | Reached XP level 2. HP: 10/18 MP: 2/4
   963 | D:1      | Reached skill level 4 in Invocations
  1070 | D:1      | Reached XP level 3. HP: 22/22 MP: 5/5
  2072 | D:2      | Reached XP level 4. HP: 27/27 MP: 4/7
  2440 | D:3      | Reached skill level 5 in Invocations
  2861 | D:3      | Found a bloodstained altar of Trog.
  2861 | D:3      | Found a white marble altar of Elyvilon.
  3516 | D:3      | Reached XP level 5. HP: 32/32 MP: 8/10
  3831 | D:4      | Acquired Elyvilon's third power
  3861 | D:4      | Reached skill level 6 in Invocations
  4047 | D:3      | Reached XP level 6. HP: 24/37 MP: 14/14
  4358 | D:4      | Found Giogeq's Gadget Boutique.
  4385 | D:4      | Bought a wand of magic darts (7) for 37 gold pieces
  4468 | D:4      | Reached skill level 7 in Invocations
  4479 | D:4      | Got a pair of steaming gloves
  4482 | D:4      | Identified the +1 pair of gloves of Stroul {Acc-2} (You found it on level 4 of the Dungeon)
  4505 | D:4      | Noticed an ogre
  4507 | D:4      | Pacified an ogre
  4626 | D:4      | Found a sparkling altar of Nemelex Xobeh.
  4738 | D:5      | Entered Level 5 of the Dungeon
  4921 | D:5      | Reached skill level 8 in Invocations
  4921 | D:5      | Reached XP level 7. HP: 42/42 MP: 17/17
  5025 | D:5      | Noticed Ijyb
  5037 | D:5      | Killed Ijyb
  6060 | D:6      | Reached skill level 9 in Invocations
  6630 | D:6      | Reached XP level 8. HP: 41/47 MP: 20/20
  6811 | D:7      | Reached skill level 10 in Invocations
  6811 | D:7      | Found a staircase to the Ecumenical Temple.
  7305 | D:7      | Reached skill level 11 in Invocations
  7634 | D:7      | Got a steaming bone ring
  7637 | D:7      | Identified the cursed ring "Umekhlan" {AC+5 Str+5} (You found it on level 7 of the Dungeon)
  7650 | D:7      | Reached skill level 1 in Short Blades
  7918 | D:8      | Reached XP level 9. HP: 52/52 MP: 23/23
  8044 | D:8      | Reached skill level 5 in Short Blades
  8049 | D:8      | Noticed Blork the orc
  8271 | D:8      | Found Qiagrium's Antique Weapon Shoppe.
  8279 | D:8      | Bought a glowing short sword for 102 gold pieces
  8436 | D:8      | Noticed Prince Ribbit
  8444 | D:8      | Pacified Prince Ribbit
  9183 | D:9      | Noticed a troll
  9323 | D:9      | Noticed Grum
  9337 | D:9      | Pacified Grum
  9594 | D:9      | Reached skill level 10 in Short Blades
  9626 | D:9      | Learned a level 1 spell: Infusion
  9645 | D:9      | Found a staircase to the Orcish Mines.
  9806 | D:9      | Reached skill level 1 in Fighting
  9916 | D:9      | Reached XP level 10. HP: 51/59 MP: 24/24
 10112 | D:10     | Entered Level 10 of the Dungeon
 10277 | D:10     | Noticed Kejsarherre's ghost (experienced OpIE)
 10462 | D:10     | Found a flagged portal.
 10468 | D:10     | the flagged portal was a mimic.
 11172 | D:10     | Reached skill level 5 in Dodging
 12386 | D:11     | Noticed a hill giant
 12447 | D:12     | Noticed a cyclops
 12448 | D:12     | Pacified a cyclops
 12455 | D:12     | Killed a cyclops
 12458 | D:12     | Killed a cyclops
 12476 | D:12     | Reached skill level 12 in Short Blades
 12665 | D:10     | Reached XP level 11. HP: 70/70 MP: 23/25
 12849 | Orc:1    | Entered Level 1 of the Orcish Mines
 12926 | Orc:1    | Noticed Gastronok
 13091 | D:10     | Killed a portal mimic
 13358 | D:11     | Found a staircase to the Lair.
 13378 | D:11     | Noticed dadoka's ghost (experienced TeGl)
 13427 | Lair:1   | Entered Level 1 of the Lair of Beasts
 13683 | Lair:1   | Acquired Elyvilon's fourth power
 13793 | Lair:1   | Reached skill level 1 in Shields
 14050 | Lair:1   | Reached skill level 13 in Invocations
 14369 | Lair:2   | Noticed a griffon
 14371 | Lair:2   | Pacified a griffon
 14709 | Lair:2   | Noticed an eight-headed hydra
 14719 | Lair:2   | Pacified an eight-headed hydra
 15085 | Lair:2   | Reached skill level 14 in Invocations
 15429 | Lair:2   | Noticed Harold
 15621 | Lair:3   | Reached XP level 12. HP: 75/75 MP: 24/29
 15846 | Lair:3   | Noticed a five-headed hydra
 15846 | Lair:3   | Pacified a five-headed hydra
 15858 | Lair:3   | Reached skill level 15 in Invocations
 16202 | Lair:3   | Reached skill level 1 in Charms
 16346 | Lair:4   | Noticed Rupert
 16492 | Lair:1   | Learned a level 2 spell: Shroud of Golubria
 16496 | Lair:1   | Learned a level 3 spell: Flight
 16690 | Lair:2   | Reached skill level 1 in Translocations
 16824 | Lair:4   | Reached skill level 1 in Air Magic
 17100 | Lair:4   | Noticed a five-headed hydra
 17102 | Lair:4   | Pacified a five-headed hydra
 17249 | Lair:4   | Found a hole to the Spider Nest.
 17868 | Lair:5   | Reached skill level 5 in Fighting
 17916 | Lair:5   | Noticed Nergalle
 17927 | Lair:5   | Pacified Nergalle
 18750 | Lair:6   | Found a staircase to the Shoals.
 19055 | Lair:6   | Noticed an eight-headed hydra
 19055 | Lair:6   | Pacified an eight-headed hydra
 19055 | Lair:6   | Reached XP level 13. HP: 83/83 MP: 28/30
 20205 | Lair:7   | Found a shattered altar of Ashenzari.
 20728 | Lair:7   | Reached skill level 16 in Invocations
 21576 | Lair:8   | Entered Level 8 of the Lair of Beasts
 21605 | Lair:8   | Found a labyrinth entrance.
 21615 | Lab      | Entered a labyrinth
 21844 | Lab      | Noticed a minotaur
 21846 | Lab      | Pacified a minotaur
 21860 | Lab      | Got the hand axe of Wrongful Imprisonment {drain}
 21860 | Lab      | Got a jewelled scale mail
 21864 | Lab      | Learned a level 2 spell: Blink
 21866 | Lab      | Learned a level 1 spell: Summon Butterflies
 21868 | Lab      | Learned a level 1 spell: Apportation
 21905 | Lab      | Identified the -1 scale mail "Pnosmui" {rN+ Dex+3 Stlth+} (You found it in a labyrinth)
 22038 | Lair:8   | Reached skill level 1 in Armour
 23067 | Lair:8   | Found a staircase to the Slime Pits.
 23408 | Lair:8   | Reached skill level 5 in Armour
 23805 | Lair:8   | Identified a +2 cloak of preservation (You found it on level 8 of the Lair of Beasts)
 24050 | Lair:4   | Pacified Rupert
 24223 | Lair:2   | Pacified Harold
 24302 | Lair:1   | Learned a level 2 spell: Stoneskin
 24432 | D:11     | Pacified a hill giant
 24456 | D:11     | Reached XP level 14. HP: 88/90 MP: 32/32
 24644 | D:11     | Pacified dadoka's ghost
 25097 | D:11     | Found a blossoming altar of Fedhas.
 26285 | Orc:3    | Reached skill level 1 in Spellcasting
 26367 | Orc:3    | Found Umukh's Antique Weapon Boutique.
 26433 | Orc:3    | Found a staircase to the Elven Halls.
 26712 | Orc:2    | Found Seixe's Antique Armour Boutique.
 26804 | Orc:2    | Bought a pair of smoking gloves for 237 gold pieces
 26808 | Orc:2    | Identified the +2 pair of gloves of Leaves {+Fly} (You bought it in a shop on level 2 of the Orcish Mines)
 26808 | Orc:2    | Bought a pair of boots for 112 gold pieces
 27055 | Orc:4    | Entered Level 4 of the Orcish Mines
 27311 | Orc:4    | Noticed nooodl's ghost (weakling FoAr)
 27315 | Orc:4    | Killed nooodl's ghost
 28109 | Orc:4    | Reached skill level 17 in Invocations
 28978 | Orc:4    | Found Muamnolu's Book Shoppe.
 28978 | Orc:4    | Found Sitil's Distillery.
 28978 | Orc:4    | Found Qemp's Food Shoppe.
 28979 | Orc:4    | Found Leagefya's Book Emporium.
 28992 | Orc:4    | Bought 2 potions of strong poison for 44 gold pieces
 28992 | Orc:4    | Bought a potion of restore abilities for 33 gold pieces
 28996 | Orc:4    | Bought a potion of curing for 22 gold pieces
 28996 | Orc:4    | Bought a potion of curing for 22 gold pieces
 28996 | Orc:4    | Bought a potion of curing for 22 gold pieces
 28996 | Orc:4    | Bought a potion of curing for 22 gold pieces
 28996 | Orc:4    | Bought a potion of agility for 27 gold pieces
 29231 | Orc:3    | Bought a cutlass for 112 gold pieces
 29307 | Orc:2    | Bought a glowing ring mail for 100 gold pieces
 29319 | Orc:2    | Bought a glowing ring mail for 100 gold pieces
 29391 | D:9      | Pacified Gastronok
 29476 | D:8      | Bought a bone whip for 255 gold pieces
 29477 | D:8      | Identified the +6,+7 whip of Jopyed {freeze, rF++} (You bought it in a shop on level 8 of the Dungeon)
 29479 | D:8      | Bought a glowing scimitar for 136 gold pieces
 29622 | Orc:4    | Bought the Papyrus of Glamour and Earth for 420 gold pieces
 29626 | Orc:4    | Learned a level 2 spell: Sure Blade
 29769 | Elf:1    | Entered Level 1 of the Elven Halls
 30305 | Elf:1    | Noticed a deep elf annihilator
 30309 | Elf:1    | Pacified a deep elf annihilator
 30563 | Elf:1    | Noticed a deep elf annihilator
 30570 | Elf:1    | Pacified a deep elf annihilator
 30805 | Elf:1    | Reached skill level 5 in Shields
 31217 | Elf:2    | Noticed a deep elf demonologist
 31218 | Elf:2    | Pacified a deep elf demonologist
 31259 | Elf:2    | Found Riyproaru's Armour Shop.
 31612 | Elf:2    | Reached XP level 15. HP: 95/95 MP: 31/33
 31632 | Elf:2    | Reached skill level 18 in Invocations
 31755 | Elf:2    | Noticed a deep elf annihilator
 31761 | Elf:2    | Pacified a deep elf annihilator
 32771 | Elf:3    | Entered Level 3 of the Elven Halls
 32858 | Elf:3    | Noticed Nikola
 33622 | D:10     | Killed Kejsarherre's ghost
 33772 | D:9      | Killed a troll
 34039 | D:8      | Found Qiagrium's Antique Weapon Shoppe.
 34143 | D:8      | Killed Blork the orc
 34394 | D:12     | Found Traro's Gadget Shoppe.
 34397 | D:12     | Bought a wand of teleportation (6) for 390 gold pieces
 34400 | D:12     | Noticed a cyclops
 34408 | D:12     | Pacified a cyclops
 34484 | D:12     | Noticed a manticore
 34499 | D:12     | Killed a manticore
 34499 | D:12     | Reached skill level 19 in Invocations
 34564 | D:12     | Noticed a hill giant
 34589 | D:12     | Killed a hill giant
 34743 | D:12     | Noticed a skeletal warrior
 34744 | D:12     | Noticed a skeletal warrior
 34776 | D:12     | Pacified a skeletal warrior
 34915 | D:12     | Noticed a skeletal warrior
 35180 | D:12     | Paralysed by a giant eyeball for 4 turns
 35491 | Shoals:1 | Entered Level 1 of the Shoals
 35509 | Shoals:1 | Reached skill level 1 in Hexes
 36241 | Shoals:1 | Noticed a kraken
 36243 | Shoals:1 | Pacified a kraken
 36408 | Shoals:1 | Got a silk robe
 36418 | Shoals:1 | Identified the cursed -5 robe "Grarph" {Str+2 Int+4} (You found it on level 1 of the Shoals)
 38431 | Shoals:3 | Reached XP level 16. HP: 101/101 MP: 34/35
 38444 | Shoals:3 | Reached skill level 20 in Invocations
 39017 | Shoals:3 | Got a polished leather armour
 39028 | Shoals:3 | Identified the cursed -1 leather armour "Mietedgh" {+Blink Str-2 Int+1 Acc+1} (You found it on level 3 of the Shoals)
 39304 | Shoals:3 | Noticed Mara
 39369 | Shoals:3 | Noticed Jorgrun
 39456 | Shoals:3 | Pacified Jorgrun
 40813 | Shoals:4 | Found Twasu's Jewellery Boutique.
 40850 | Shoals:4 | Bought an uncursed amulet of inaccuracy for 36 gold pieces
 41085 | Shoals:4 | Reached skill level 21 in Invocations
 41305 | Shoals:5 | Entered Level 5 of the Shoals
 41441 | Shoals:5 | Got a slimy plate armour
 41458 | Shoals:5 | Identified the +8 plate armour of Hedging {MR+ Stlth} (You found it on level 5 of the Shoals)
 41660 | Shoals:5 | Noticed Ilsuiw
 41663 | Shoals:5 | Pacified Ilsuiw
 43190 | Shoals:5 | Reached skill level 22 in Invocations
 43656 | Shoals:5 | Got a barnacled rune of Zot
 43787 | Shoals:5 | Reached XP level 17. HP: 105/107 MP: 32/37
 44141 | D:12     | Killed a skeletal warrior
 44156 | D:12     | Killed a skeletal warrior
 44177 | D:12     | Noticed a skeletal warrior
 44200 | D:12     | Killed a skeletal warrior
 44399 | D:12     | Reached skill level 10 in Dodging
 44891 | D:13     | Found a gate to the Vaults.
 45219 | D:13     | Found a flickering gateway to a bazaar.
 45238 | Bazaar   | Entered a bazaar
 45314 | Bazaar   | Found Schedghag's Distillery.
 45317 | Bazaar   | Found Crolaeca's Jewellery Boutique.
 45318 | Bazaar   | Found Circh's Magic Scroll Boutique.
 45318 | Bazaar   | Found Fianoemn's Assorted Antiques.
 45438 | Bazaar   | Bought a scroll of acquirement for 520 gold pieces
 45444 | Bazaar   | Bought a cursed -2 ring of strength for 20 gold pieces
 45444 | Bazaar   | Bought a cursed -2 ring of evasion for 20 gold pieces
 45453 | Bazaar   | Bought a bone wand for 76 gold pieces
 45462 | Bazaar   | Bought a potion of heal wounds for 42 gold pieces
 45474 | Bazaar   | Bought a scroll of identify for 20 gold pieces
 45474 | Bazaar   | Bought a scroll of identify for 20 gold pieces
 45539 | D:13     | Found an iron altar of Okawaru.
 45695 | D:13     | Paralysed by a skeletal warrior for 4 turns
 46792 | D:14     | Found a portal to a secret trove of treasure.
 47002 | D:14     | Noticed a sphinx
 47012 | D:14     | Got a heavily runed ring mail
 47057 | D:14     | Identified the +4 ring mail of the Hurricane {rC+ rN+ MR+ Int+2} (You found it on level 14 of the Dungeon)
 47396 | D:14     | Noticed a golden dragon
 47396 | D:14     | a shadow dragon changed into a golden dragon
 47397 | D:14     | Noticed a sphinx
 47397 | D:14     | a golden dragon changed into a sphinx
 47399 | D:14     | a sphinx changed into a shadow dragon
 47680 | D:14     | You fall through a shaft!
 47680 | D:15     | Entered Level 15 of the Dungeon
 49075 | D:15     | Found a staircase to the Depths.
 49103 | D:15     | Found a burning altar of Makhleb.
 49613 | Vaults:1 | Entered Level 1 of the Vaults
 51068 | Vaults:1 | Reached XP level 18. HP: 70/120 MP: 29/38
 51670 | Vaults:1 | Reached skill level 10 in Fighting
 51692 | Vaults:1 | Found Ankissub's Antique Armour Emporium.
 53155 | Vaults:2 | Found a staircase to the Crypt.
 53155 | Vaults:2 | Found a basalt altar of Yredelemnul.
 53156 | Vaults:2 | Found an ancient bone altar of Kikubaaqudgha.
 53305 | Vaults:2 | Slain by a stone giant

Action                   |  1- 3 |  4- 6 |  7- 9 | 10-12 | 13-15 | 16-18 || total
-------------------------+-------+-------+-------+-------+-------+-------++-------
Melee: Unarmed           |   140 |       |       |       |       |       ||   140
       Short sword       |    23 |       |   157 |   610 |  1485 |  1370 ||  3645
       Mace              |    21 |       |       |       |       |       ||    21
       Whip              |       |    92 |   114 |       |       |     5 ||   211
       Dagger            |       |       |       |    28 |       |       ||    28
       Cutlass           |       |       |       |       |       |   118 ||   118
 Fire: Sling             |       |       |     9 |       |       |       ||     9
       Blowgun           |       |       |     3 |     4 |     4 |       ||    11
 Cast: Infusion          |       |       |       |     4 |    21 |    38 ||    63
       Shroud of Golubri |       |       |       |     4 |    10 |       ||    14
       Flight            |       |       |       |     2 |     9 |     5 ||    16
       Summon Butterflie |       |       |       |       |     2 |       ||     2
       Stoneskin         |       |       |       |       |     1 |     1 ||     2
       Sure Blade        |       |       |       |       |    29 |   103 ||   132
       Blink             |       |       |       |       |       |     1 ||     1
Invok: Lesser Healing    |    44 |    72 |    92 |   236 |   469 |   393 ||  1306
       Greater Healing   |       |     2 |    12 |    17 |    64 |    71 ||   166
       Purification      |       |       |     1 |       |     1 |       ||     2
       Greater Self-Heal |       |       |       |       |       |     1 ||     1
Evoke: Wand              |       |       |     4 |    18 |    25 |    11 ||    58
       Stone of tremors  |       |       |       |     1 |     1 |       ||     2
  Use: Scroll            |     5 |     9 |     7 |    15 |    12 |    14 ||    62
       Potion            |       |     2 |     3 |     2 |     3 |     3 ||    13
 Stab: Distracted        |       |       |     1 |       |       |     2 ||     3
       Sleeping          |       |       |       |     4 |     2 |       ||     6
       Fleeing           |       |       |       |       |     1 |       ||     1
       Confused          |       |       |       |       |       |     2 ||     2
